 Dungeon Crawl Stone Soup version 0.21.1-1-g345015f (webtiles) character file.

82031 Monsterracer the Brawler (level 15, -4/118 HPs)
             Began as a Yellow Draconian Transmuter on Apr 12, 2018.
             Was the Champion of Hepliaklqana.
             Slain by a red ugly thing (19 damage)
             ... on level 15 of the Dungeon on Apr 13, 2018.
             The game lasted 00:52:14 (23049 turns).

Monsterracer the Brawler (DrTm)                    Turns: 23049, Time: 00:52:14

Health: -4/118     AC: 14    Str: 18    XL:     15   Next: 28%
Magic:  23/25      EV: 20    Int: 19    God:    Hepliaklqana [******]
Gold:   1915       SH:  0    Dex: 11    Spells: 11/28 levels left

rFire    . . .     SeeInvis .     - Unarmed
rCold    x . .     Gourm    .   (shield currently unavailable)
rNeg     . . .     Faith    .   (armour unavailable)
rPois    .         Spirit   .   C - +2 hat "Siguewn" {rC- Str+4 Slay+5}
rElec    .         Reflect  .   n - +2 cloak {+Inv}
rCorr    +         Harm     .   (gloves currently unavailable)
MR       +....                  (no boots)
Stlth    +++.......             f - amulet of regeneration
HPRegen  0.69/turn              t - +4 ring of evasion
MPRegen  0.19/turn              I - ring of wizardry

@: short of breath, blade hands
A: spit acid, acid resistance, unfitting armour, reduced essence, stinger 1,
blurry vision 1, acidic bite, cold-blooded, AC +9
a: Breathe Acid, End Transformation, Recall Ancestor, Ancestor Identity,
Transference, Idealise, Renounce Religion, Evoke Invisibility


You were on level 15 of the Dungeon.
You worshipped Hepliaklqana.
Hepliaklqana was exalted by your worship.
You were hungry.
You had blades for hands.
You visited 4 branches of the dungeon, and saw 24 of its levels.
You also visited: Sewer.

You collected 2572 gold pieces.
You spent 657 gold pieces at shops.

Inventory:

Missiles
 a - 320 arrows
Armour
 d - a +2 pair of gloves (melded)
 n - a +2 cloak of invisibility (worn)
 v - a cursed +0 buckler (melded)
 C - the +2 hat "Siguewn" (worn) {rC- Str+4 Slay+5}
   (You acquired it on level 3 of the Lair of Beasts)

   It affects your strength (+4).
   It affects your accuracy and damage with ranged weapons and melee attacks
   (+5).
   It makes you vulnerable to cold.
Jewellery
 f - an amulet of regeneration (around neck)
 t - a +4 ring of evasion (left scythe-like blade)
 B - an uncursed ring of protection from fire {!d}
 I - a ring of wizardry (right scythe-like blade)
Wands
 b - a wand of enslavement (15)
 m - a wand of flame (21)
 p - a wand of acid (24)
 r - a wand of scattershot (4)
 s - a wand of polymorph (22)
 y - a wand of iceblast (4)
Scrolls
 j - 4 scrolls of remove curse
 q - 6 scrolls of blinking
 w - 3 scrolls of amnesia
 D - a scroll of enchant armour
 E - 3 scrolls of fear {!r}
 F - 5 scrolls of teleportation
 H - 3 scrolls of fog
 K - 4 scrolls of identify
 M - a scroll of holy word
Potions
 e - 3 potions of agility
 g - 8 potions of flight
 h - 4 potions of haste
 i - 2 potions of lignification
 k - 11 potions of heal wounds
 o - 2 potions of berserk rage {!q}
 u - 5 potions of curing
 z - a potion of magic
 A - 2 potions of mutation {!q}
 G - 2 potions of might
 L - 2 potions of invisibility
 N - a potion of cancellation
Miscellaneous
 l - a lamp of fire
Comestibles
 c - 34 rations


   Skills:
 + Level 11.8 Fighting
 + Level 8.8 Dodging
 + Level 5.9 Stealth
 - Level 4.0 Shields
 * Level 15.2 Unarmed Combat
 + Level 7.2 Spellcasting
 - Level 3.0 Translocations
 - Level 10.0 Transmutations
 - Level 3.0 Ice Magic
 - Level 10.0 Invocations
 - Level 5.0 Evocations


You had 11 spell levels left.
You knew the following spells:

 Your Spells              Type           Power        Failure   Level  Hunger
a - Ice Form              Ice/Tmut       ####....     16%         4    ###....
b - Sticks to Snakes      Tmut           #####...     4%          2    None
c - Spider Form           Tmut/Pois      ####......   12%         3    #......
d - Blade Hands           Tmut           #####.....   12%         5    #####..
e - Blink                 Tloc           N/A          12%         2    None
z - Apportation           Tloc           ###...       10%         1    None


Dungeon Overview and Level Annotations

Branches:
Dungeon (15/15)            Temple (1/1) D:4            Lair (6/6) D:9
  Swamp (0/4) Lair:3        Snake (0/4) Lair:2        Slime (0/5) Lair:5
    Orc (2/2) D:11            Elf (0/3) Orc:2        Vaults (0/5) D:13
 Depths: D:15

Altars:
Ashenzari
Cheibriados
Dithmenos
Elyvilon
Fedhas
Gozag
Hepliaklqana
Kikubaaqudgha
Makhleb
Nemelex Xobeh
Okawaru
Qazlal
Ru
Sif Muna
Trog
Uskayaw
Vehumet
Wu Jian
Xom
Yredelemnul
Zin
The Shining One

Shops:
D:7 %   D:12 %   D:13 ?   D:15 }((   Orc:2 !(!}

Portals:
Pandemonium: Orc:2


Innate Abilities, Weirdness & Mutations

You can spit globs of acid.
You are resistant to acid.
Your golden yellow scales are hard. (AC +9)
You cannot fit into any form of body armour.
You have acidic saliva.
You are cold-blooded and may be slowed by cold attacks.
Your life essence is reduced to manifest your ancestor. (-10% HP)
Your tail ends in a poisonous barb.
Scrolls take you a little longer to read.


Message History

You slash the red ugly thing!
You kill the red ugly thing!
The red ugly thing basks in the mutagenic energy from its kin and changes!
The red ugly thing headbutts you.
You are engulfed in flames!!
The centaur warrior zombie hits Stenella.
You take 22 damage, and have 60/118 hp.
You slice the purple ugly thing!!
The purple ugly thing is moderately wounded.
Stenella casts a spell at the centaur warrior zombie.
The centaur warrior zombie resists with significant effort.
You barely miss the purple ugly thing. You tail-slap the purple ugly thing!
You bite the purple ugly thing.
The purple ugly thing is splashed with acid.
The acid corrodes the purple ugly thing!
The purple ugly thing is severely wounded.
The centaur warrior zombie closely misses Stenella.
The red ugly thing headbutts you.
* * * LOW HITPOINT WARNING * * *
You are engulfed in flames!!
* * * LOW HITPOINT WARNING * * *
Stenella hits the centaur warrior zombie with a dagger of draining!
You take 26 damage, and have 34/118 hp.
MASSIVE DAMAGE!!
You slash the purple ugly thing!
The purple ugly thing is almost dead.
The centaur warrior zombie hits Stenella but does no damage.
The red ugly thing misses you. The purple ugly thing pecks you!
* * * LOW HITPOINT WARNING * * *
Stenella hits the centaur warrior zombie with a dagger of draining.
You take 8 damage, and have 26/118 hp.
Unknown command.
The centaur warrior zombie hits Stenella.
The red ugly thing barely misses Stenella.
The centaur warrior zombie hits Stenella but does no damage.
Stenella gestures at the centaur warrior zombie while chanting.
The centaur warrior zombie resists with significant effort.
Press: ? - help, Shift-Dir - straight line, f - brown ugly thing
Aim: a brown ugly thing Really spit at your ally Stenella?
You spit a glob of acid.
The glob of acid hits the brown ugly thing.
The brown ugly thing is lightly wounded.
The brown ugly thing is splashed with acid.
The acid corrodes the brown ugly thing!
The acid splashes onto the purple ugly thing!
The purple ugly thing is splashed with acid.
The acid splashes onto Stenella!
Stenella is splashed with acid.
You feel somewhat more hungry.
The red ugly thing looks more healthy.
The brown ugly thing barely misses you.
The centaur warrior zombie hits Stenella.
The red ugly thing headbutts Stenella!
Stenella is engulfed in flames!
Stenella resists.
Stenella barely misses the centaur warrior zombie.
You slash the purple ugly thing!
You kill the purple ugly thing!
The brown ugly thing trunk-slaps you but does no damage.
The centaur warrior zombie hits Stenella but does no damage.
The red ugly thing headbutts Stenella!
Stenella is engulfed in flames!
Stenella resists.
Stenella is destroyed!
Unknown command.
You slice the brown ugly thing!! You tail-slap the brown ugly thing!
The brown ugly thing is poisoned.
Your bite misses the brown ugly thing.
The brown ugly thing is severely wounded.
The brown ugly thing trunk-slaps you.
* * * LOW HITPOINT WARNING * * *
You are splashed with acid!
The acid burns!
You resist.
* * * LOW HITPOINT WARNING * * *
You take 5 damage, and have 23/118 hp.
Unknown command.
You shred the brown ugly thing!!!
You kill the brown ugly thing!
The centaur warrior zombie completely misses you.
You barely miss the red ugly thing.
The red ugly thing is lightly wounded.
The red ugly thing headbutts you but does no damage.
The centaur warrior zombie barely misses you.
Unknown command.
You slice the red ugly thing!!
Your tail-slap misses the red ugly thing.
You slash the red ugly thing, but do no damage.
The red ugly thing is moderately wounded.
The red ugly thing completely misses you.
The centaur warrior zombie hits you but does no damage.
You closely miss the red ugly thing.
You tail-slap the red ugly thing, but do no damage.
You bite the red ugly thing.
The red ugly thing is splashed with acid.
The acid corrodes the red ugly thing!
The red ugly thing is heavily wounded.
You slice the red ugly thing!!
The red ugly thing is almost dead.
The centaur warrior zombie misses you. The red ugly thing closely misses you.
You barely miss the red ugly thing.
The red ugly thing is almost dead.
The centaur warrior zombie hits you.
* * * LOW HITPOINT WARNING * * *
The red ugly thing headbutts you!
* * * LOW HITPOINT WARNING * * *
You are engulfed in flames!!
You die...

#..................#
#..#...............#
#......∩...........#
..#.∩.#.............#
.?..................#
...#...............#
..............)...
#####'#...........
#......@.......
#......uZ......
#.......†......
##+##..........
#..........
###..$∩.... '........
#........ ####.....


You could see a red ugly thing and a centaur warrior zombie.

Vanquished Creatures
  A sphinx (shapeshifter) (D:13)
  An orc warlord (Orc:2)
  3 entropy weavers (Lair:5)
  A fire dragon (Lair:6)
  2 hydras
  3 ghost crabs (Lair:5)
  A death knight (D:13)
  5 death yaks (Lair:4)
  3 two-headed ogres
  5 orc high priests (Orc:2)
  A soul eater (Orc:2)
  The ghost of Verendum the Spear-Bearer, a journeyman GrFi of Qazlal (D:11)
  6 fire crabs
  2 skeletal warriors (D:13)
  3 infernal demonspawn (Orc:2)
  A death drake (shapeshifter) (D:13)
  An unseen horror (D:10)
  Pikel (D:9)
  4 orc knights (Orc:2)
  A shining eye (shapeshifter) (D:13)
  6 ugly things
  2 deep elf magi
  A manticore (D:13)
  An oklob plant (Lair:5)
  6 orc sorcerers (Orc:2)
  2 cyclopes
  4 elephants (Lair:6)
  An apocalypse crab (Lair:5)
  A centaur zombie (D:13)
  A torpor snail (Lair:6)
  Joseph (D:8)
  3 molten gargoyles (Lair:6)
  A gargoyle (D:11)
  A black mamba (Lair:6)
  8 spiny frogs
  2 rust devils (Orc:2)
  2 centaur skeletons
  A hellwing (Orc:2)
  2 ice devils (Orc:2)
  8 komodo dragons
  2 tengu conjurers (D:13)
  3 meliai (D:14)
  A polar bear (Lair:5)
  10 blink frogs
  A wolf spider simulacrum (D:14)
  A hornet (D:11)
  A dream sheep (D:13)
  7 hippogriffs
  3 wraiths
  47 yaks
  6 wyverns
  A hungry ghost (D:9)
  A steam dragon (Lair:6)
  4 vampire mosquitoes (Lair:3)
  A neqoxec (Orc:2)
  3 nagas (Lair:2)
  Edmund (D:5)
  An acid dragon (D:11)
  A warg (Orc:2)
  A soldier ant (D:13)
  11 porcupines
  5 hell hounds
  10 water moccasins
  4 ice beasts
  2 slaves (D:9)
  19 orc warriors
  A phantom (D:8)
  3 sky beasts
  A black bear (D:9)
  8 centaurs
  The ghost of azzavlup the Pure, an amateur DsAK of Lugonu (D:3)
  9 wolves
  5 ogres
  17 crocodiles
  5 big kobolds
  17 bullfrogs
  A gnoll sergeant (D:6)
  2 troll zombies (D:11)
  3 scorpions
  10 killer bees
  3 wights (D:11)
  4 howler monkeys
  3 electric eels (D:8)
  A bullfrog zombie (D:12)
  8 crimson imps
  3 lava snakes (Lair:6)
  A bullfrog skeleton (D:13)
  Crazy Yiuf (D:5)
  2 hounds
  6 jellies
  6 orc wizards
  21 orc priests
  A gnoll shaman (D:6)
  3 iguanas
  7 worker ants
  6 ogre zombies (D:11)
  A worker ant zombie (D:11)
  13 gnolls
  12 adders
  3 river rats
  5 shadow imps
  A white imp (D:8)
  An ufetubus (D:8)
  7 oozes
  An adder zombie (D:6)
  An adder skeleton (D:4)
  5 worms
  2 dart slugs
  6 leopard geckos
  48 orcs
  A ball python (D:3)
  3 giant cockroaches
  4 goblins
  10 hobgoblins
  6 jackals
  21 kobolds
  5 quokkas
  9 bats
  5 frilled lizards
  2 goblin skeletons (D:11)
  A goblin zombie (D:11)
  4 hobgoblin skeletons (D:11)
  2 hobgoblin zombies (D:11)
  A leopard gecko zombie (D:5)
  5 orc skeletons (D:11)
  10 orc zombies (D:11)
  A quokka skeleton (D:5)
  A quokka zombie (D:7)
  10 rats
613 creatures vanquished.

Vanquished Creatures (collateral kills)
  A hydra (D:13)
  A two-headed ogre (D:8)
  An orc high priest (Orc:2)
  2 unseen horrors
  A cyclops (Orc:2)
  A wolf spider (Lair:6)
  The ghost of VDreamerV the Changer, a novice OpTm of Cheibriados (D:5)
  An elephant (Lair:6)
  2 spiny frogs
  A troll (Orc:2)
  A polar bear (Lair:5)
  A dream sheep (D:13)
  2 hippogriffs (Lair:1)
  2 blink frogs
  A basilisk (D:13)
  A yak (D:11)
  A hungry ghost (D:11)
  A warg (Orc:1)
  3 water moccasins
  A black bear (D:8)
  3 ice beasts
  A necrophage (D:9)
  A sky beast (D:13)
  A phantom (D:4)
  A crocodile (Lair:6)
  A big kobold (D:3)
  3 bullfrogs
  An electric eel (D:8)
  2 lava snakes (Lair:6)
  A bullfrog zombie (D:5)
  A crimson imp (D:7)
  A jelly (D:5)
  A hound (D:11)
  3 orc wizards
  2 worker ants
  A centaur simulacrum (D:8)
  3 gnolls
  An adder (D:9)
  An adder simulacrum (D:8)
  3 orcs
  A goblin (D:2)
  A quokka (D:4)
  A bat (D:2)
  A leopard gecko skeleton (D:4)
  An orc skeleton (D:11)
  A quokka zombie (D:5)
64 creatures vanquished.

Vanquished Creatures (others)
  21 hexers
  4 ancestors
  A white imp (D:8)
  3 bushes (Lair:6)
  4 fungi
  2 plants (Lair:6)
35 creatures vanquished.

Grand Total: 712 creatures vanquished

Notes
Turn   | Place    | Note
-------+----------+-------------------------------------------
     0 | D:1      | Monsterracer the Draconian Transmuter began the quest for the Orb.
     0 | D:1      | Reached XP level 1. HP: 16/16 MP: 3/3
   179 | D:1      | Reached XP level 2. HP: 17/23 MP: 1/5
   192 | D:1      | Learned a level 2 spell: Sticks to Snakes
   613 | D:1      | Reached XP level 3. HP: 27/28 MP: 4/6
   619 | D:1      | Learned a level 3 spell: Spider Form
   901 | D:2      | Reached skill level 4 in Unarmed Combat
  1127 | D:2      | Reached XP level 4. HP: 36/36 MP: 5/7
  1172 | D:2      | Found a white marble altar of Elyvilon.
  1355 | D:2      | HP: 15/36 [worm (10)]
  1356 | D:2      | HP: 7/36 [worm (9)]
  1718 | D:3      | Found a glowing drain.
  1743 | D:3      | Reached XP level 5. HP: 34/42 MP: 4/8
  1773 | Sewer    | Entered a sewer
  1901 | Sewer    | Reached skill level 5 in Unarmed Combat
  1937 | Sewer    | Found a glowing silver altar of Zin.
  2128 | D:3      | Reached XP level 6. HP: 40/51 MP: 2/9
  2135 | D:3      | HP: 23/51 [poisoned by a big kobold]
  2140 | D:3      | HP: 16/51 [poisoned by a big kobold]
  2145 | D:3      | HP: 12/51 [poisoned by a big kobold]
  2150 | D:3      | HP: 10/51 [poisoned by a big kobold]
  2155 | D:3      | HP: 10/51 [poisoned by a big kobold]
  2160 | D:3      | HP: 10/51 [poisoned by a big kobold]
  2166 | D:3      | HP: 11/51 [poisoned by a big kobold]
  2174 | D:3      | HP: 14/51 [poisoned by a big kobold]
  2624 | D:3      | Noticed azzavlup's ghost (amateur DsAK)
  2681 | D:3      | Killed azzavlup's ghost
  3032 | D:4      | Reached skill level 6 in Unarmed Combat
  3117 | D:4      | Your scales start taking on a golden yellow colour.
  3117 | D:4      | Reached XP level 7. HP: 42/58 MP: 8/10
  3252 | D:4      | Found a staircase to the Ecumenical Temple.
  3274 | Temple   | Entered the Ecumenical Temple
  3358 | Temple   | Became a worshipper of Hepliaklqana the Forgotten
  3566 | D:5      | Entered Level 5 of the Dungeon
  3717 | D:5      | Learned a level 5 spell: Blade Hands
  3798 | D:5      | Noticed VDreamerV's ghost (novice OpTm)
  3814 | D:5      | Killed VDreamerV's ghost
  3814 | D:5      | Reached skill level 7 in Unarmed Combat
  3814 | D:5      | Reached skill level 5 in Transmutations
  3814 | D:5      | Reached XP level 8. HP: 45/60 MP: 11/11
  3870 | D:5      | Found a runed door.
  3929 | D:5      | Noticed Edmund
  3942 | D:5      | Reached skill level 5 in Fighting
  3950 | D:5      | HP: 30/61 [Edmund/flail of crushing (4)]
  3960 | D:5      | Killed Edmund
  4097 | D:5      | Found a blossoming altar of Fedhas.
  4132 | D:5      | Reached * piety under Hepliaklqana
  4314 | D:5      | Noticed Crazy Yiuf
  4316 | D:5      | Killed Crazy Yiuf
  4316 | D:5      | Reached skill level 8 in Unarmed Combat
  4417 | D:6      | HP: 31/62 [gnoll sergeant/spear (3)]
  4611 | D:6      | Learned a level 1 spell: Confusing Touch
  4758 | D:6      | Reached skill level 9 in Unarmed Combat
  4767 | D:6      | Reached XP level 9. HP: 56/67 MP: 9/12
  5557 | D:7      | Reached skill level 1 in Invocations
  5597 | D:7      | HP: 27/70 [ice beast (12)]
  5605 | D:7      | HP: 29/70 [poisoned by a scorpion]
  5618 | D:7      | HP: 35/70 [orc (1)]
  5638 | D:7      | Reached ** piety under Hepliaklqana
  5640 | D:7      | Remembered your ancestor Stenella as a hexer
  5692 | D:6      | Learned a level 1 spell: Apportation
  5832 | D:7      | Found an opulent altar of Gozag.
  5961 | D:7      | Found Ichochi's Food Boutique.
  6248 | D:8      | Noticed Joseph
  6264 | D:8      | Killed Joseph
  6317 | D:8      | Noticed a two-headed ogre
  6352 | D:8      | Killed a two-headed ogre
  6352 | D:8      | Reached skill level 10 in Unarmed Combat
  6352 | D:8      | Reached XP level 10. HP: 70/77 MP: 15/15
  6472 | D:8      | HP: 38/77 [electric eel/bolt of electricity (12)]
  6475 | D:8      | HP: 18/77 [electric eel/bolt of electricity (9)]
  6481 | D:8      | HP: 10/77 [hound (2)]
  6818 | D:8      | Noticed a two-headed ogre
  6838 | D:8      | HP: 38/77 [two-headed ogre/giant spiked club (21)]
  6840 | D:8      | Killed a two-headed ogre
  6920 | D:8      | Learned a level 4 spell: Ice Form
  7321 | D:9      | HP: 46/92 [killer bee (1)]
  7327 | D:9      | HP: 25/92 [poisoned by a killer bee]
  7333 | D:9      | HP: 20/92 [poisoned by a killer bee]
  7339 | D:9      | HP: 22/92 [poisoned by a killer bee]
  7347 | D:9      | HP: 25/92 [poisoned by a killer bee]
  7464 | D:9      | Reached *** piety under Hepliaklqana
  7551 | D:9      | Found a shadowy altar of Dithmenos.
  7566 | D:9      | Reached skill level 1 in Evocations
  7655 | D:9      | Found a staircase to the Lair.
  7657 | D:9      | Noticed Pikel
  7671 | D:9      | Killed Pikel
  7758 | D:9      | Found a stormy altar of Qazlal.
  7802 | D:10     | Entered Level 10 of the Dungeon
  7835 | Lair:1   | Entered Level 1 of the Lair of Beasts
  7970 | Lair:1   | Reached XP level 11. HP: 74/84 MP: 16/16
  8254 | Lair:1   | Reached skill level 11 in Unarmed Combat
  8258 | Lair:1   | HP: 37/84 [komodo dragon (25)]
  8259 | Lair:1   | HP: 7/84 [komodo dragon (31)]
  8301 | Lair:1   | HP: 26/84 [komodo dragon (8)]
  8432 | Lair:1   | Reached **** piety under Hepliaklqana
  8862 | Lair:2   | Found a staircase to the Snake Pit.
  8871 | Lair:2   | Reached skill level 1 in Ice Magic
  9095 | Lair:2   | Reached skill level 5 in Invocations
  9407 | Lair:2   | Got a polished rapier
  9539 | Lair:2   | Identified the cursed +2 rapier "Wypyd" {drain, rPois Str-3 Int+4} (You found it on level 2 of the Lair of Beasts)
  9624 | Lair:3   | Reached ***** piety under Hepliaklqana
  9799 | Lair:3   | Noticed a five-headed hydra
  9816 | Lair:3   | Killed a five-headed hydra
  9872 | Lair:3   | Reached skill level 1 in Stealth
  9972 | Lair:3   | Found a staircase to the Swamp.
 10010 | Lair:3   | Reached skill level 5 in Dodging
 10285 | Lair:3   | Identified a scroll of acquirement
 10288 | Lair:3   | Got a dazzling hat
 10294 | Lair:3   | Identified the +2 hat "Siguewn" {rC- Str+4 Slay+5} (You acquired it on level 3 of the Lair of Beasts)
 10357 | Lair:3   | HP: 40/85 [spiny frog (26)]
 10370 | Lair:3   | HP: 42/85 [crocodile (6)]
 10497 | Lair:3   | HP: 42/85 [blink frog (18)]
 10895 | Lair:4   | Noticed a death yak
 10895 | Lair:4   | Noticed a death yak
 10895 | Lair:4   | Noticed a death yak
 10895 | Lair:4   | Noticed a death yak
 10895 | Lair:4   | Noticed a death yak
 10905 | Lair:4   | Killed a death yak
 10907 | Lair:4   | Killed a death yak
 10907 | Lair:4   | Reached XP level 12. HP: 65/92 MP: 18/18
 10911 | Lair:4   | Killed a death yak
 10914 | Lair:4   | Killed a death yak
 10915 | Lair:4   | Killed a death yak
 10915 | Lair:4   | Reached skill level 1 in Translocations
 11658 | Lair:5   | Reached skill level 12 in Unarmed Combat
 11721 | Lair:5   | Reached skill level 5 in Spellcasting
 12026 | Lair:5   | Reached skill level 10 in Transmutations
 12232 | Lair:5   | Found a staircase to the Slime Pits.
 12298 | Lair:5   | Found a runed door.
 12497 | Lair:6   | Entered Level 6 of the Lair of Beasts
 13029 | Lair:6   | HP: 45/94 [black mamba (7)]
 13032 | Lair:6   | HP: 18/94 [hell hound (9)]
 13037 | Lair:6   | HP: 24/94 [poisoned by a black mamba]
 13042 | Lair:6   | HP: 17/94 [poisoned by a black mamba]
 13047 | Lair:6   | HP: 14/94 [poisoned by a black mamba]
 13052 | Lair:6   | HP: 13/94 [poisoned by a black mamba]
 13058 | Lair:6   | HP: 13/94 [poisoned by a black mamba]
 13064 | Lair:6   | HP: 13/94 [poisoned by a black mamba]
 13072 | Lair:6   | HP: 17/94 [poisoned by a black mamba]
 13080 | Lair:6   | HP: 20/94 [poisoned by a black mamba]
 13219 | Lair:6   | Reached XP level 13. HP: 100/100 MP: 17/20
 13263 | Lair:6   | HP: 43/100 [molten gargoyle/mace (19)]
 13265 | Lair:6   | HP: 12/100 [molten gargoyle/bolt of magma (19)]
 13401 | Lair:6   | HP: 50/100 [poisoned by a wolf spider]
 13406 | Lair:6   | HP: 50/100 [poisoned by a wolf spider]
 13412 | Lair:6   | HP: 50/100 [poisoned by a wolf spider]
 13703 | Lair:6   | Reached ****** piety under Hepliaklqana
 13732 | Lair:6   | Reached skill level 13 in Unarmed Combat
 13967 | Lair:6   | Reached skill level 10 in Fighting
 14046 | Lair:6   | Reached skill level 5 in Stealth
 14049 | Lair:6   | HP: 29/101 [molten gargoyle/bolt of magma (24)]
 14173 | Lair:6   | Reached skill level 1 in Shields
 14334 | Lair:6   | HP: 46/101 [fire crab (11)]
 14439 | Lair:6   | Found a large runed door.
 14480 | Lair:6   | Found a large runed door.
 14494 | Lair:6   | Noticed a fire dragon
 14882 | Lair:6   | HP: 50/101 [fire dragon (14)]
 14886 | Lair:6   | HP: 22/101 [fire dragon (9)]
 14888 | Lair:6   | Killed a fire dragon
 15170 | Lair:5   | HP: 50/101 [acid (6)]
 15267 | Lair:5   | Noticed an entropy weaver
 15272 | Lair:5   | Killed an entropy weaver
 15339 | Lair:5   | Noticed an entropy weaver
 15344 | Lair:5   | HP: 49/101 [entropy weaver (3)]
 15346 | Lair:5   | HP: 23/101 [entropy weaver (12)]
 15346 | Lair:5   | HP: 1/101 [entropy weaver (11)]
 15351 | Lair:5   | Killed an entropy weaver
 15549 | Lair:5   | Reached skill level 5 in Evocations
 15553 | Lair:5   | HP: 47/102 [fire crab] (11)]
 15555 | Lair:5   | HP: 23/102 [something (8)]
 15688 | Lair:5   | Noticed an entropy weaver
 15694 | Lair:5   | HP: 49/102 [something] (10)]
 15697 | Lair:5   | HP: 22/102 [spectral snapping turtle[a ghost crab] (11)]
 15884 | Lair:5   | Killed an entropy weaver
 16320 | D:10     | Found a glowing golden altar of the Shining One.
 16996 | D:11     | Gained mutation: You have acidic saliva. [Yellow Draconian growth]
 16996 | D:11     | Reached XP level 14. HP: 104/109 MP: 18/22
 17121 | D:11     | Found a staircase to the Orcish Mines.
 17121 | D:11     | Noticed Verendum's ghost (journeyman GrFi)
 17139 | D:11     | HP: 53/109 [Verendum's ghost (15)]
 17228 | D:11     | Killed Verendum's ghost
 18223 | D:12     | Found Zosocrao's Food Boutique.
 18461 | Orc:1    | Entered Level 1 of the Orcish Mines
 18899 | Orc:2    | Entered Level 2 of the Orcish Mines
 18927 | Orc:2    | Noticed an orc warlord
 18938 | Orc:2    | Reached skill level 14 in Unarmed Combat
 18944 | Orc:2    | HP: 47/109 [orc warrior/halberd[an orc warlord] (23)]
 18944 | Orc:2    | HP: 20/109 [orc warlord/great sword of holy wrath (27)]
 19098 | Orc:2    | Killed an orc warlord
 19357 | Orc:2    | Found Aneghuf's Distillery.
 19375 | Orc:2    | Found Risoxa's Distillery.
 19485 | Orc:2    | Bought a potion of heal wounds for 80 gold pieces
 19485 | Orc:2    | Bought a potion of berserk rage for 80 gold pieces
 19485 | Orc:2    | Bought a potion of cancellation for 128 gold pieces
 19487 | Orc:2    | Bought a potion of heal wounds for 70 gold pieces
 19487 | Orc:2    | Bought a potion of heal wounds for 70 gold pieces
 19772 | Orc:2    | HP: 46/111 [infernal demonspawn/great sword (18)]
 19778 | Orc:2    | HP: 48/111 [poisoned by an infernal demonspawn]
 19800 | Orc:2    | HP: 53/111 [sixfirhy[an orc high priest] (7)]
 19802 | Orc:2    | HP: 17/111 [hellwing[an orc high priest] (14)]
 20023 | Orc:2    | Found Lymawkam's Antique Weapon Emporium.
 20023 | Orc:2    | Found Areth's Gadget Shoppe.
 20023 | Orc:2    | Found a one-way gate leading to the halls of Pandemonium.
 20166 | Orc:2    | Found a staircase to the Elven Halls.
 20515 | D:13     | Found Siullio's Magic Scroll Emporium.
 20533 | D:13     | Bought a scroll of teleportation for 51 gold pieces
 20533 | D:13     | Bought a scroll of teleportation for 51 gold pieces
 20533 | D:13     | Bought a scroll of blinking for 127 gold pieces
 20571 | D:13     | HP: 53/111 [tengu conjurer/bolt of poison (10)]
 20576 | D:13     | HP: 32/111 [poisoned by a tengu conjurer (bolt of poison)]
 20581 | D:13     | HP: 29/111 [poisoned by a tengu conjurer (bolt of poison)]
 20586 | D:13     | HP: 18/111 [poisoned by a tengu conjurer (bolt of poison)]
 20591 | D:13     | HP: 8/111 [poisoned by a tengu conjurer (bolt of poison)]
 20596 | D:13     | HP: 5/111 [poisoned by a tengu conjurer (bolt of poison)]
 20601 | D:14     | HP: 4/111 [poisoned by a tengu conjurer (bolt of poison)]
 20607 | D:14     | HP: 4/111 [poisoned by a tengu conjurer (bolt of poison)]
 20613 | D:14     | HP: 5/111 [poisoned by a tengu conjurer (bolt of poison)]
 20620 | D:14     | HP: 8/111 [poisoned by a tengu conjurer (bolt of poison)]
 20628 | D:14     | HP: 11/111 [poisoned by a tengu conjurer (bolt of poison)]
 20787 | D:13     | HP: 44/111 [death knight/enchanted battleaxe (13)]
 20790 | D:13     | HP: 10/111 [mirror damage (20)]
 20918 | D:13     | HP: 52/111 [skeletal warrior/mace[a death knight] (12)]
 20943 | D:13     | Noticed an emperor scorpion
 21016 | D:13     | Noticed a quicksilver dragon
 21019 | D:13     | Noticed a sphinx
 21019 | D:13     | a quicksilver dragon changed into a sphinx
 21024 | D:13     | Killed a sphinx
 21050 | D:13     | Gained mutation: Your tail ends in a poisonous barb. [a shining eye]
 21052 | D:13     | Gained mutation: Scrolls take you a little longer to read. [a shining eye]
 21053 | D:13     | Reached XP level 15. HP: 90/117 MP: 19/25
 21173 | D:13     | Found a gate to the Vaults.
 21484 | D:13     | Reached skill level 15 in Unarmed Combat
 22094 | D:14     | Learned a level 2 spell: Blink
 22449 | D:14     | Reached skill level 10 in Invocations
 22563 | D:14     | HP: 54/118 [meliai/hand axe of freezing (11)]
 22893 | D:15     | Entered Level 15 of the Dungeon
 22893 | D:15     | Found Imnopt's Antique Weapon Emporium.
 23008 | D:15     | Found Mim Riaf's Gadget Shop.
 23024 | D:15     | Found Oghysch's Weapon Shop.
 23038 | D:15     | HP: 55/118 [red ugly thing (6)]
 23039 | D:15     | HP: 26/118 [purple ugly thing (8)]
 23049 | D:15     | HP: 24/118 [centaur warrior zombie (2)]
 23049 | D:15     | Slain by a red ugly thing

Skill      XL: |  1  2  3  4  5  6  7  8  9 10 11 12 13 14 15 |
---------------+----------------------------------------------+-----
Unarmed Combat | 4 5 6 7 9 10 11 12 13 14 15 | 15.2
Fighting       | 2 3 4 6 7 8 9 10 11 | 11.8
Transmutations | 3 4 5 6 7 8 9 10 | 10.0
Dodging        | 3 4 5 6 7 8 |  8.8
Invocations    | 3 4 5 7 8 9 10 | 10.0
Spellcasting   | 3 4 5 6 7 |  7.2
Evocations     | 2 3 5 |  5.0
Ice Magic      | 3 |  3.0
Stealth        | 2 4 5 |  5.9
Translocations | 3 |  3.0
Shields        | 4 |  4.0

Action                   |  1- 3 |  4- 6 |  7- 9 | 10-12 | 13-15 || total
-------------------------+-------+-------+-------+-------+-------++-------
Melee: Unarmed           |   116 |   208 |   322 |   457 |   744 ||  1847
       Tailslap          |    11 |    19 |    20 |    47 |    95 ||   192
       Kick              |     7 |     8 |       |       |       ||    15
       Headbutt          |     3 |     9 |       |       |       ||    12
       Punch             |       |     2 |     4 |    12 |    30 ||    48
       Bite              |       |       |       |       |    55 ||    55
 Cast: Beastly Appendage |    11 |    11 |       |       |       ||    22
       Sticks to Snakes  |     2 |     3 |     1 |     3 |     4 ||    13
       Spider Form       |       |     5 |     5 |     1 |     1 ||    12
       Blade Hands       |       |       |     2 |    24 |    52 ||    78
       Confusing Touch   |       |       |     1 |       |       ||     1
       Ice Form          |       |       |       |     2 |     2 ||     4
Invok: Recall Ancestor   |       |       |     1 |     1 |     1 ||     3
       Ancestor Identity |       |       |     1 |       |       ||     1
       Ancestor Life: He |       |       |     1 |       |       ||     1
       Idealise          |       |       |       |       |     1 ||     1
 Abil: Breathe Acid      |       |       |     8 |    15 |     9 ||    32
       Evoke Invisibilit |       |       |       |     1 |       ||     1
       End Transformatio |       |       |       |       |     1 ||     1
Evoke: Wand              |       |       |       |       |     1 ||     1
  Use: Scroll            |       |       |    12 |    15 |     6 ||    33
       Potion            |       |       |       |     1 |     1 ||     2
 Stab: Sleeping          |     1 |     1 |       |     1 |     7 ||    10
       Distracted        |       |       |     2 |     3 |     5 ||    10
       Confused          |       |       |     1 |     3 |     4 ||     8
       Invisible         |       |       |       |     1 |       ||     1
  Eat: Chunk             |     1 |     8 |    10 |    27 |    29 ||    75
       Ration            |       |       |     1 |     2 |     6 ||     9
Armor: Skin              |    42 |    40 |   110 |   100 |   162 ||   454
Dodge: Dodged            |    77 |   110 |   194 |   358 |   465 ||  1204
Block: Buckler           |       |       |       |       |    14 ||    14

Vault maps used:
D:1:      lightli_arrival_isolated_outpost, item_on_display_a
D:2:      nicolae_overflow_crystal_walls, first_ration, minmay_misc_feat_hallway
D:3:      cheibrodos_thug_alley, cheibrodos_sewer_entry_sluice
D:4:      minmay_temple_entry_enclosed_plants
D:5:      fedhas_altar_3, uniq_crazy_yiuf_cottage, uniq_edmund
D:6:      eino_tiny_chamber
D:7:      grunt_gozag_statues, serial_glass, glass_columns_a, glass_columns_c,
          serial_shops, shop
D:8:      serial_ice, serial_ice_h, serial_ice_g, serial_ice_f, serial_ice_k,
          uniq_joseph
D:9:      kennysheep_mini_moat, minmay_lair_entry_lava, basic_altar, uniq_pikel
D:10:     basic_altar
D:11:     zombieorc2_lemuel
D:12:     serial_shops, shop
D:13:     david_vaults_2, serial_shops, shop_scrolls, lab_entry_generic,
          hangedman_ranch
D:15:     hangedman_depths_entry_civil_slaughter, serial_shops, shop, shop,
          shop, nicolae_shop_stone, shop, lemuel_statue_altar, uniq_kirke
Temple:   compressed_dpeg_circular_temple
Lair:2:   minmay_snake_entry_guardpost_small
Lair:3:   minmay_swamp_entry_swarm, eino_small_chamber_without_monster
Lair:5:   gammafunk_mikee_crab_dinner, nicolae_slime_entry_slimehenge
Lair:6:   cheibrodos_lair_end_hotspot, serial_bayou_shore_b
Orc:2:    pf_orc_diabolical
Sewer:    sewer_kobolds
